AoeStats
← Augustoso5906

Arabia

508763314Analyzed
2v2 RM · 8d ago on Sep 23, 2026· 29m 47s· 4 players
Game mode
Random Map
Map size
Medium (4 player)
Population
200
Speed
Normal
Resources
Standard
Victory
Conquest
Starting age
Dark Age
Ending age
Imperial Age
RankedLock teamsTeams togetherTeam positionsShared explorationLock speedFull tech treeHidden civsTurbo modeCheats
Victory
Defeat
🇧🇬 Vikings · Bulgaria
786
+15
🇨🇱 Mapuche · Chile
744
+17
🇵🇪 Chinese · Peru
761
-16
🇧🇷 Khmer · Brazil
759
-16
Augustoso5906
11:16 Feudal Age
12:44 Wheelbarrow
12:32 Double-Bit Axe
12:33 Horse Collar
15:46 Man-at-Arms
18:49 Scale Mail Armor
21:07 Gold Mining
25:34 Castle Age
26:35 Hand Cart
26:50 Long Swordsman
29:19 Chain Mail Armor
29:14 Forging
28:57 Arson
jeinsgon
0:37 Loom
14:57 Feudal Age
18:47 Horse Collar
18:56 Double-Bit Axe
23:33 Castle Age
22:55 Wheelbarrow
24:08 Crossbowman
24:53 Thumb Ring
26:50 Town Watch
patitocarlos
11:50 Feudal Age
14:10 Wheelbarrow
17:04 Castle Age
15:31 Double-Bit Axe
15:59 Horse Collar
18:20 Hand Cart
21:03 Bow Saw
20:57 Heavy Plow
24:30 Fervor
30:33 Imperial Age
29:13 Malon
nordland11
2:49 Loom
11:36 Feudal Age
18:22 Castle Age
16:30 Arson
17:13 Scale Mail Armor
17:14 Horse Collar
17:33 Double-Bit Axe
18:29 Forging
21:26 Squires
23:50 Gold Mining
25:39 Bow Saw
Connection lost

Rejoining the realm…

Still unreachable

The connection could not be restored.

Session expired

The server has moved on; the page needs a fresh start.